Map: Acid Plant LE

Players

qqq

  • Race: Terran Terran
  • League: Bronze
  • Spawn Location: 11:00

coldhand - Winner!

  • Race: Zerg Zerg
  • Spawn Location: 5:00

VOD

Have the link to the VOD?

Description

Time

  • Played on: March 24, 2018, 5:21 a.m.
  • Length: 12:29
Show
View Real Time Build Order
Export as new Build Order

qqq Terran 

Build Orders: MMM Bio 

Get SALT Encoding   

  12  0:01  SCV  
  13  0:15  Supply Depot  
  13  0:23  SCV  
  14  0:35  SCV  
  15  0:47  Barracks, SCV  
  16  0:53  Refinery  
  16  0:59  SCV  
  17  1:11  SCV  
  18  1:12  Barracks  
  18  1:23  SCV  
  19  1:35  Supply Depot  
  19  1:36  Marine  
  20  1:40  SCV  
  21  1:53  SCV  
  22  1:55  Barracks Reactor  
  22  1:57  Barracks Reactor  
  22  1:59  Barracks Tech Lab  
  22  2:05  SCV  
  23  2:08  Refinery  
  23  2:17  SCV  
  24  2:24  Bunker  
  24  2:29  SCV  
  25  2:31  Stimpack  
  25  2:41  SCV  
  26  2:53  SCV  
  26  2:54  Marine x2  
  29  3:01  Marine  
  29  3:05  SCV  
  31  3:26  Marine  
  31  3:37  Supply Depot  
  31  3:47  Supply Depot  
  31  3:59  Marine x3  
  31  4:02  Supply Depot  
  34  4:03  Command Center  
  34  4:09  Supply Depot  
  34  4:11  Factory, SCV  
  34  4:16  Marine x3  
  38  4:29  Engineering Bay  
  38  4:31  Combat Shields  
  38  4:34  Marine x3  
  38  4:35  Supply Depot  
  39  5:13  Refinery, Terran Infantry Weapons Level 1  
  39  5:14  Supply Depot  
  39  5:16  Marine x3  
  42  5:27  SCV  
  43  5:33  Marine  
  43  5:34  Marine x2  
  46  5:39  SCV  
  47  5:44  Supply Depot  
  47  5:49  Refinery  
  47  5:51  Marine, Factory Tech Lab, SCV  
  47  5:52  Marine x2  
  51  6:03  SCV  
  52  6:07  Starport  
  52  6:09  Marine  
  52  6:10  Marine x2  
  55  6:15  SCV  
  56  6:27  Marine x2, SCV  
  59  6:36  Orbital Command  
  59  6:41  Marine  
  59  6:45  Marine  
  59  6:46  Medivac, Starport  
  63  6:52  Siege Tank  
  66  7:08  Terran Infantry Armor Level 1  
  65  7:16  Medivac  
  58  7:28  Supply Depot  
  58  7:36  Liberator  
  58  7:51  Medivac, Supply Depot  
  58  7:56  SCV  
  64  8:08  SCV  
  65  8:15  Supply Depot  
  65  8:20  SCV  
  65  8:26  Marine  
  66  8:27  Marine  
  66  8:28  Marine  
  69  8:37  Bunker  
  69  8:44  Marine  
  69  8:45  Marine x2  
  72  9:02  Marine  
  73  9:03  Siege Tank, Marine x2  
  73  9:04  Armory  
  73  9:07  Command Center  
  78  9:20  Marine  
  78  9:21  Marine x2  
  67  9:38  Marine x2  
  54  9:40  Supply Depot  
  54  9:42  Marine  
  56  9:56  Marine x2  
  57  10:00  Marine  
  57  10:02  Supply Depot  
  57  10:04  Liberator  
  58  10:13  Marine  
  59  10:14  Marine  
  59  10:15  Sensor Tower  
  59  10:18  Marine  
  61  10:23  Viking  
  61  10:25  Supply Depot  
  66  10:31  Marine  
  66  10:32  Marine  
  68  10:57  Starport Tech Lab  
  68  11:04  Starport Reactor  
  68  11:08  Siege Tank  
  68  11:29  Marine x3  
  71  11:47  Marine x3  
  74  12:05  Marine x3  
Show
View Real Time Build Order
Export as new Build Order

coldhand Zerg - Winner!

Build Orders: Hatch First 

Get SALT Encoding   

  12  0:01  Drone  
  13  0:10  Drone  
  14  0:22  Overlord  
  14  0:30  Extractor  
  14  0:32  Drone x2, Extractor  
  16  0:56  Hatchery  
  15  1:03  Drone x2  
  15  1:04  Drone  
  18  1:16  Spawning Pool  
  17  1:24  Drone, Extractor  
  17  1:30  Drone  
  18  1:57  Hatchery  
  17  2:03  Zergling x6  
  20  2:10  Queen  
  20  2:14  Queen  
  24  2:30  Overlord x2  
  24  2:42  Drone x4  
  28  3:08  Overlord  
  28  3:10  Zergling x12  
  34  3:21  Queen  
  34  3:25  Extractor  
  34  3:27  Drone x3  
  37  3:53  Drone x9  
  46  3:59  Metabolic Boost  
  46  4:18  Lair  
  46  4:23  Drone x3  
  49  4:26  Extractor  
  49  4:27  Extractor  
  49  4:28  Overlord  
  49  4:29  Overlord  
  41  4:59  Zergling x2  
  40  5:00  Zergling x16  
  48  5:13  Baneling Nest  
  47  5:14  Drone  
  47  5:15  Drone x2  
  47  5:18  Roach Warren  
  49  5:24  Hydralisk Den  
  48  5:46  Zergling x16  
  48  5:47  Zergling x8  
  59  6:05  Drone x6  
  59  6:06  Overlord  
  59  6:07  Overlord x5  
  65  6:30  Baneling x13  
  65  6:31  Baneling x10  
  65  6:32  Baneling  
  65  6:37  Drone x5  
  70  6:46  Drone  
  70  6:47  Drone  
  72  6:48  Drone x3  
  72  6:50  Drone  
  72  6:51  Drone x2  
  78  6:54  Drone  
  59  7:23  Zergling x2  
  59  7:24  Zergling x16  
  69  7:37  Zergling x14  
  69  7:41  Muscular Augments  
  69  7:42  Centrifical Hooks  
  75  7:46  Extractor  
  75  7:48  Extractor  
  73  7:55  Evolution Chamber  
  73  7:57  Drone x2, Evolution Chamber  
  73  7:58  Drone, Evolution Chamber  
  73  8:00  Drone x6  
  73  8:04  Baneling  
  73  8:05  Baneling  
  79  8:06  Baneling x16  
  79  8:07  Baneling  
  79  8:32  Zerg Melee Weapons Level 1, Zerg Missile Weapons Level 1  
  79  8:34  Overlord  
  79  8:35  Overlord x6  
  79  8:44  Hydralisk x4  
  79  8:46  Zergling x2  
  79  8:47  Zergling x14  
  95  8:53  Grooved Spines  
  95  9:13  Drone x8  
  95  9:14  Drone x7  
  110  9:20  Hydralisk  
  110  9:21  Hydralisk  
  90  9:41  Hydralisk x6  
  102  9:59  Hatchery  
  101  10:01  Infestation Pit  
  101  10:06  Hatchery  
  99  10:11  Zergling x2  
  99  10:12  Zergling x30  
  115  10:18  Hatchery  
  114  10:30  Zerg Ground Armor Level 1  
  114  10:48  Queen  
  106  11:20  Drone x4  
  106  11:21  Drone x2  
  112  11:26  Spore Crawler x2  
  112  11:30  Spore Crawler x2  
  112  11:31  Spore Crawler  
  112  11:32  Spore Crawler  
  106  11:35  Hydralisk  
  106  11:36  Hydralisk x20  
  148  11:41  Baneling x4  
  148  11:42  Baneling x18  
  148  11:43  Baneling  
Tags
 
Composition
MMM Bio
League
Bronze
Matchup
TvZ
Replay Pack
24 marzo
Spawn Locations
Cross Positions
Add a new tag
Caveats
  • Supply blocks, unpowered buildings, or Contaminate may cause inaccurate times.
  • Supply counts are checked every 10 seconds.